[Event "Titled Tuesday Blitz July 4 Late 2023"]
[White "Dinosaurio_1975"]
[Black "Mickiewicz, Piotr"]
[BlackFideId "1114891"]
[WhiteElo "2548"]
[BlackElo "2439"]
[Result "1-0"]
[Round "8"]
[TimeControl "180+2"]
[Date "2023.07.04"]
[WhiteClock "0:00:19"]
[BlackClock "0:00:05"]
[Board "75"]

1. e4 c6 2. d4 d5 3. e5 Bf5 4. Bd3 Bxd3 5. Qxd3 e6 6. c3 c5 7. Ne2 Nc6 8. O-O Nge7 9. Nd2 cxd4 10. cxd4 Nf5 11. Nf3 Be7 12. g4 Nh4 13. Nxh4 Bxh4 14. f4 Qb6 15. Be3 Rc8 16. f5 Nb4 17. Qb3 Nc2 18. Rac1 Qxb3 19. axb3 O-O 20. Bd2 Be7 21. Rf3 Nb4 22. Bc3 f6 23. Nf4 exf5 24. gxf5 fxe5 25. Ne6 e4 26. Rff1 Nd3 27. Nxf8 Nxc1 28. Ne6 Ne2+ 29. Kf2 Nxc3 30. Rc1 Bb4 31. bxc3 Rxc3 32. Rxc3 Bxc3 33. Ke3 Bb2 34. Nc7 Bc1+ 35. Ke2 Kf7 36. Nxd5 b5 37. Nc3 b4 38. Nxe4 a5 39. Kd3 Bb2 40. Kc4 h6 41. d5 Bc1 42. h3 Bf4 43. Kb5 Be5 44. Kxa5 Ke7 45. Kxb4 Kd7 46. Kc4 g6 47. fxg6 Bg7 48. b4 1-0


[Site "https://www.chess.com"]

[Event "Titled Tuesday Blitz July 4 Late 2023"]
[White "Ai, Evan"]
[Black "Tikhonov, Viacheslav"]
[WhiteFideId "2094770"]
[BlackFideId "44196407"]
[WhiteElo "2438"]
[BlackElo "2547"]
[Result "0-1"]
[Round "8"]
[TimeControl "180+2"]
[Date "2023.07.04"]
[WhiteClock "0:01:08"]
[BlackClock "0:01:32"]
[Board "76"]

1. d4 Nf6 2. c4 g6 3. Nf3 Bg7 4. e3 O-O 5. Bd3 c5 6. Nc3 cxd4 7. exd4 d5 8. O-O Nc6 9. h3 b6 10. cxd5 Nxd5 11. Be4 Nxc3 12. bxc3 Bb7 13. Bf4 Rc8 14. Qa4 Qd7 15. Rac1 Rfd8 16. Rfd1 Ne5 17. Qxd7 Nxf3+ 18. Bxf3 Rxd7 19. Bxb7 Rxb7 20. c4 Rd7 21. Be3 e6 22. c5 Rdc7 23. Bf4 Rc6 24. Bd6 Bf8 25. Bxf8 Kxf8 26. Rb1 bxc5 27. dxc5 Rxc5 28. Rb7 R5c7 29. Rd7 Rxd7 30. Rxd7 Rc1+ 31. Kh2 Rc2 32. Rxa7 Rxf2 33. a4 Ra2 34. a5 h5 35. Kg3 Kg7 36. Kf3 h4 37. Kg4 Rxg2+ 38. Kxh4 Kh6 0-1


[Site "https://www.chess.com"]

[Event "Titled Tuesday Blitz July 4 Late 2023"]
[White "Lalanne, Pablo"]
[Black "Francisco Guecamburu, Candela Be"]
[WhiteFideId "112151"]
[BlackFideId "160911"]
[WhiteElo "2436"]
[BlackElo "2545"]
[Result "0-1"]
[Round "8"]
[TimeControl "180+2"]
[Date "2023.07.04"]
[WhiteClock "0:00:43"]
[BlackClock "0:01:09"]
[Board "77"]

1. e4 c5 2. Nf3 g6 3. d4 cxd4 4. Nxd4 Bg7 5. c4 Nc6 6. Be3 Nf6 7. Nc3 d6 8. Be2 O-O 9. O-O Nxd4 10. Bxd4 Bd7 11. Qd2 Bc6 12. f3 a5 13. b3 Nd7 14. Bf2 Nc5 15. Rab1 Be5 16. Rfd1 e6 17. Bf1 Qf6 18. Ne2 Qe7 19. Nd4 f5 20. exf5 gxf5 21. Re1 Rae8 22. Nxc6 bxc6 23. Bxc5 Qh4 24. Rxe5 dxe5 25. Bxf8 Rxf8 26. Qd6 Qf6 27. Re1 e4 28. Qxc6 Qd4+ 29. Kh1 Qf2 30. Qxe6+ Rf7 31. Rd1 exf3 32. Rd8+ Kg7 33. Qe5+ Rf6 34. Qg3+ Qxg3 35. hxg3 f2 36. Rd2 Rh6# 0-1


[Site "https://www.chess.com"]

[Event "Titled Tuesday Blitz July 4 Late 2023"]
[White "Sadovsky, Artem"]
[Black "Mikhalsky, Vladimir"]
[WhiteFideId "4155840"]
[BlackFideId "14144352"]
[WhiteElo "2535"]
[BlackElo "2430"]
[Result "1-0"]
[Round "8"]
[TimeControl "180+2"]
[Date "2023.07.04"]
[WhiteClock "0:00:14"]
[BlackClock "0:00:02"]
[Board "78"]

1. e4 g6 2. h4 d5 3. h5 dxe4 4. hxg6 fxg6 5. Nc3 Nf6 6. f3 exf3 7. Nxf3 Bg4 8. Bc4 Bg7 9. d4 Nc6 10. Be3 Qd6 11. d5 Ne5 12. Bb5+ c6 13. dxc6 Qxd1+ 14. Rxd1 bxc6 15. Nxe5 cxb5 16. Nxb5 O-O 17. Nxg4 Nxg4 18. Bd4 e5 19. Bc5 Rfc8 20. b4 a5 21. Nd6 Rc6 22. a3 axb4 23. axb4 e4 24. Ke2 Ra2 25. Nxe4 Rxc2+ 26. Rd2 Rxd2+ 27. Kxd2 Re6 28. Kd3 Ne5+ 29. Kc2 Nc6 30. Nc3 Bf8 31. Bxf8 Kxf8 32. b5 Nd4+ 33. Kd3 Nb3 34. Rxh7 Nc5+ 35. Kc4 Ne4 36. Kd5 Nxc3+ 37. Kxe6 Nxb5 38. Kf6 Nd4 39. Rh8# 1-0


[Site "https://www.chess.com"]

[Event "Titled Tuesday Blitz July 4 Late 2023"]
[White "Romero Arzuaga, Yudel"]
[Black "Aggelis, Nikolaos"]
[WhiteFideId "3521010"]
[BlackFideId "4213220"]
[WhiteElo "2382"]
[BlackElo "2526"]
[Result "0-1"]
[Round "8"]
[TimeControl "180+2"]
[Date "2023.07.04"]
[WhiteClock "0:00:58"]
[BlackClock "0:01:47"]
[Board "79"]

1. d4 f5 2. Nf3 Nf6 3. Bf4 d5 4. e3 c6 5. c3 Be6 6. Nbd2 Bf7 7. Bd3 e6 8. Ne5 Nbd7 9. Nxf7 Kxf7 10. Nf3 h6 11. Ne5+ Nxe5 12. Bxe5 Bd6 13. Bxf6 Qxf6 14. f4 g5 15. Qh5+ Qg6 16. Qxg6+ Kxg6 17. g3 g4 18. h4 h5 19. Ke2 Kf6 20. c4 c5 21. dxc5 dxc4 22. cxd6 cxd3+ 23. Kxd3 Rhd8 24. Rhd1 Rxd6+ 25. Ke2 Rad8 26. Rxd6 Rxd6 27. Rd1 Ke7 28. Rxd6 Kxd6 29. Kd3 Kd5 30. b3 b6 31. a3 b5 32. b4 e5 33. fxe5 Kxe5 34. Kd2 Ke4 35. Ke2 a6 0-1


[Site "https://www.chess.com"]

[Event "Titled Tuesday Blitz July 4 Late 2023"]
[White "Ardila, Oscar Humberto"]
[Black "Novik, Maxim"]
[WhiteFideId "4404742"]
[BlackFideId "4102924"]
[WhiteElo "2338"]
[BlackElo "2517"]
[Result "1-0"]
[Round "8"]
[TimeControl "180+2"]
[Date "2023.07.04"]
[WhiteClock "0:01:05"]
[BlackClock "0:00:51"]
[Board "80"]

1. d4 Nf6 2. c4 e6 3. Nc3 Bb4 4. Bd2 O-O 5. Nf3 b6 6. e3 Bb7 7. Be2 c5 8. dxc5 Bxc5 9. O-O d5 10. cxd5 Nxd5 11. Ne4 Be7 12. Ng3 Nd7 13. Rc1 Nc5 14. b4 Nd7 15. Qb3 Rc8 16. Rfd1 Rxc1 17. Bxc1 Qb8 18. Nd4 Rc8 19. Bb2 Nxb4 20. Nxe6 Nc5 21. Nxc5 Bxc5 22. Bc4 Qc7 23. Qc3 Bf8 24. Rd4 b5 25. Rg4 Qxc4 26. Rxg7+ Kh8 27. Rg8+ Kxg8 28. Qh8# 1-0


[Site "https://www.chess.com"]

[Event "Titled Tuesday Blitz July 4 Late 2023"]
[White "Cluke86"]
[Black "marik_spb"]
[WhiteElo "2330"]
[BlackElo "2504"]
[Result "0-1"]
[Round "8"]
[TimeControl "180+2"]
[Date "2023.07.04"]
[WhiteClock "0:00:03"]
[BlackClock "0:00:08"]
[Board "81"]

1. e4 e5 2. Nf3 Nc6 3. Bc4 Nf6 4. O-O Nxe4 5. Nc3 Nxc3 6. dxc3 Be7 7. Qd5 O-O 8. Nxe5 Nxe5 9. Qxe5 d6 10. Qh5 Be6 11. Bd3 g6 12. Qf3 c6 13. c4 Bg5 14. Bxg5 Qxg5 15. Rfe1 Rfe8 16. a4 a5 17. Re3 Kg7 18. Rae1 Bd7 19. Rxe8 Rxe8 20. Rxe8 Bxe8 21. Bf1 Qe5 22. Qb3 c5 23. Qxb7 Bxa4 24. b3 Be8 25. g3 a4 26. Qa7 axb3 27. cxb3 Bc6 28. Qa2 Bf3 29. Qd2 h5 30. Bg2 Qa1+ 31. Bf1 Qe5 32. Bg2 Bxg2 33. Kxg2 Qe4+ 34. f3 Qe5 35. h4 f6 36. Kf2 g5 37. hxg5 fxg5 38. Qe3 Qxe3+ 39. Kxe3 Kf6 40. Ke4 Ke6 41. f4 gxf4 42. Kxf4 Kf6 43. g4 hxg4 44. Kxg4 Ke5 45. Kf3 Kd4 46. Kf4 Kc3 47. Ke4 Kxb3 48. Kd5 Kb4 49. Kxd6 Kxc4 50. Ke5 Kd3 0-1


[Site "https://www.chess.com"]

[Event "Titled Tuesday Blitz July 4 Late 2023"]
[White "Curtis, John"]
[Black "Deng, Henry"]
[WhiteFideId "3200256"]
[BlackFideId "30965454"]
[WhiteElo "2145"]
[BlackElo "2490"]
[Result "0-1"]
[Round "8"]
[TimeControl "180+2"]
[Date "2023.07.04"]
[WhiteClock "0:00:16"]
[BlackClock "0:00:35"]
[Board "82"]

1. d4 d5 2. Nf3 Nf6 3. c4 c6 4. e3 Bf5 5. Nc3 e6 6. Bd3 Bg6 7. O-O Bd6 8. Qe2 O-O 9. e4 dxe4 10. Nxe4 Nxe4 11. Bxe4 Nd7 12. Bxg6 hxg6 13. Bg5 Qc7 14. Rfe1 Rfe8 15. g3 e5 16. c5 Bf8 17. Nxe5 Nxe5 18. dxe5 Bxc5 19. a3 Bd4 20. Bf4 Qb6 21. Qc2 Re6 22. Re4 Rae8 23. Rd1 Bxe5 24. Rxe5 Rxe5 25. Bxe5 Rxe5 26. Rd7 Qa5 27. b4 Qxa3 28. Rxb7 Qf3 29. Qc1 Rd5 0-1


[Site "https://www.chess.com"]

[Event "Titled Tuesday Blitz July 4 Late 2023"]
[White "benny_aizenberg"]
[Black "Gerbelli Neto, Eduardo"]
[BlackFideId "2103281"]
[WhiteElo "2648"]
[BlackElo "2326"]
[Result "1-0"]
[Round "8"]
[TimeControl "180+2"]
[Date "2023.07.04"]
[WhiteClock "0:00:37"]
[BlackClock "0:00:12"]
[Board "83"]

1. g4 e5 2. g5 Qxg5 3. d4 Qe7 4. dxe5 Nc6 5. Nc3 Nxe5 6. Bf4 Nf6 7. Qd4 Nc6 8. Qd2 d6 9. Bg2 Bd7 10. O-O-O O-O-O 11. Nf3 h6 12. Nd4 g5 13. Be3 Bg7 14. Ncb5 Nxd4 15. Nxa7+ Kb8 16. Qxd4 Ng4 17. Qb4 c6 18. Bxc6 Bc8 19. Bb6 Qf6 20. Bxd8 Rxd8 21. Nxc8 Qxb2+ 22. Qxb2 Bxb2+ 23. Kxb2 Kxc8 24. Bd5 Nxf2 25. Rhf1 Nxd1+ 26. Rxd1 f6 27. Rf1 Re8 28. Rxf6 Rxe2 29. Rxh6 1-0


[Site "https://www.chess.com"]

[Event "Titled Tuesday Blitz July 4 Late 2023"]
[White "Kielinkei"]
[Black "Pinheiro, Iung Alicio de O."]
[BlackFideId "2104350"]
[WhiteElo "2419"]
[BlackElo "2573"]
[Result "1/2-1/2"]
[Round "8"]
[TimeControl "180+2"]
[Date "2023.07.04"]
[WhiteClock "0:00:09"]
[BlackClock "0:00:40"]
[Board "84"]

1. d4 Nf6 2. c4 e6 3. g3 c5 4. Nf3 cxd4 5. Nxd4 d5 6. Bg2 e5 7. Nf3 d4 8. O-O Nc6 9. e3 Bc5 10. exd4 exd4 11. Re1+ Be6 12. Ng5 O-O 13. Rxe6 fxe6 14. Nxe6 Qb6 15. Nxf8 Rxf8 16. Na3 d3 17. Qxd3 Ng4 18. Nc2 Rxf2 19. Kh1 Rf1+ 20. Qxf1 Nf2+ 21. Kg1 Nh3+ 22. Kh1 Nf2+ 23. Kg1 Nh3+ 24. Kh1 Nf2+ 1/2-1/2


[Site "https://www.chess.com"]

[Event "Titled Tuesday Blitz July 4 Late 2023"]
[White "Castella Garcia, Fausto"]
[Black "Grinev, Valeriy"]
[WhiteFideId "3501922"]
[BlackFideId "14117517"]
[WhiteElo "2408"]
[BlackElo "2572"]
[Result "1-0"]
[Round "8"]
[TimeControl "180+2"]
[Date "2023.07.04"]
[WhiteClock "0:01:07"]
[BlackClock "0:01:43"]
[Board "85"]

1. e4 c5 2. Nf3 Nc6 3. Bb5 g6 4. c3 Bg7 5. d4 cxd4 6. cxd4 d5 7. exd5 Qxd5 8. Nc3 Qh5 9. d5 Bd7 10. dxc6 Bxc3+ 11. bxc3 bxc6 12. Be2 Rd8 13. O-O Nf6 14. Bf4 O-O 15. Qa4 c5 16. Qxa7 Nd5 17. Bd2 Qf5 18. Qxc5 Nf4 19. Qe3 g5 20. Nd4 Qf6 21. Bf3 e5 22. Ne2 g4 23. Be4 Bb5 24. Nxf4 exf4 25. Qxf4 Qxf4 26. Bxf4 Bxf1 27. Kxf1 f5 28. Bc2 Rfe8 29. a4 Kg7 30. a5 Kg6 31. a6 Rc8 32. a7 Rxc3 33. a8=Q Rxa8 34. Rxa8 Rxc2 35. Ra6+ Kg7 36. g3 Kf7 37. Kg2 Kg7 38. Be5+ Kg8 39. Rf6 Re2 40. Rxf5 h6 41. Bf4 Kh7 42. Re5 Rc2 43. Re7+ Kg6 44. Re6+ Kf5 45. Rxh6 Rc8 46. Rh5+ Ke4 47. Re5+ Kd4 48. Rg5 Rg8 49. Rxg8 1-0


[Site "https://www.chess.com"]

[Event "Titled Tuesday Blitz July 4 Late 2023"]
[White "Carrasco Miranda, Andres"]
[Black "reevecanada"]
[WhiteFideId "3405990"]
[WhiteElo "2404"]
[BlackElo "2539"]
[Result "1-0"]
[Round "8"]
[TimeControl "180+2"]
[Date "2023.07.04"]
[WhiteClock "0:01:24"]
[BlackClock "0:01:39"]
[Board "86"]

1. d4 d5 2. c4 Nf6 3. cxd5 Nxd5 4. e4 Nb6 5. Nc3 g6 6. h4 h5 7. Bb5+ c6 8. Be2 Bg7 9. Nf3 Bg4 10. Be3 O-O 11. Qd2 Be6 12. Bh6 Nc4 13. Bxc4 Bxc4 14. Bxg7 Kxg7 15. d5 cxd5 16. exd5 Ba6 17. Qd4+ e5 18. Nxe5 f6 19. Nf3 Re8+ 20. Kd1 Qa5 21. Re1 Nc6 22. dxc6 Red8 23. Re7+ Kf8 24. Rd7 Rxd7 25. cxd7 Qf5 26. d8=Q+ 1-0


[Site "https://www.chess.com"]

[Event "Titled Tuesday Blitz July 4 Late 2023"]
[White "Estrada Nieto, Julian"]
[Black "Urbina Perez, Juan Antonio"]
[WhiteFideId "5101018"]
[BlackFideId "2217368"]
[WhiteElo "2537"]
[BlackElo "2400"]
[Result "0-1"]
[Round "8"]
[TimeControl "180+2"]
[Date "2023.07.04"]
[WhiteClock "0:00:00"]
[BlackClock "0:01:16"]
[Board "87"]

1. e4 e5 2. Nf3 Nc6 3. Bb5 a6 4. Ba4 Nge7 5. Nc3 g6 6. d4 exd4 7. Nd5 Bg7 8. Bg5 h6 9. Bf6 Bxf6 10. Nxf6+ Kf8 11. Nxd4 Kg7 12. Nd5 Nxd5 13. exd5 Nxd4 14. Qxd4+ Qf6 15. Qxf6+ Kxf6 16. d6 b5 17. Bb3 Re8+ 18. Kd2 Bb7 19. f3 c5 20. c4 b4 21. Rhe1 Bc6 22. a3 a5 23. axb4 axb4 24. Rxa8 Rxe1 25. Ra5 Rg1 26. Rxc5 Rxg2+ 27. Kc1 Rg1+ 28. Kd2 Rg2+ 29. Kc1 Rxh2 30. f4 h5 31. Bd1 h4 32. Bg4 h3 33. Re5 Rh1+ 34. Kd2 h2 35. Re2 Rd1+ 36. Kxd1 h1=Q+ 37. Kd2 Qb1 38. Ke3 Qe4+ 39. Kd2 Qxc4 0-1


[Site "https://www.chess.com"]

[Event "Titled Tuesday Blitz July 4 Late 2023"]
[White "Fiol, Fabrice"]
[Black "Duarte, Leonardo"]
[WhiteFideId "611670"]
[BlackFideId "110582"]
[WhiteElo "2532"]
[BlackElo "2391"]
[Result "0-1"]
[Round "8"]
[TimeControl "180+2"]
[Date "2023.07.04"]
[WhiteClock "0:00:00"]
[BlackClock "0:00:04"]
[Board "88"]

1. e4 e5 2. Nf3 Nc6 3. Bc4 Bc5 4. d3 Nf6 5. c3 a5 6. Bb3 d6 7. Nbd2 O-O 8. h3 Ne7 9. Nf1 Ng6 10. Ng3 d5 11. exd5 Nxd5 12. O-O Ndf4 13. d4 exd4 14. cxd4 Bb6 15. Kh2 Qf6 16. Ne4 Qd8 17. Be3 Bf5 18. Ng3 Qd7 19. Ne5 Nxe5 20. dxe5 Ng6 21. Qh5 Bxe3 22. Nxf5 Bf4+ 23. g3 Bxe5 24. Rad1 Qb5 25. Kg2 Rad8 26. Rxd8 Rxd8 27. Qg5 Qc6+ 28. Kh2 Re8 29. h4 Bf6 30. Qg4 Ne5 31. Bxf7+ Nxf7 32. Kh3 Ne5 33. Qh5 Rf8 34. f4 Ng6 35. Qg4 Ne7 36. Ne3 Nd5 37. Nf5 Ne7 0-1


[Site "https://www.chess.com"]

[Event "Titled Tuesday Blitz July 4 Late 2023"]
[White "Prem, Pranav"]
[Black "financieru"]
[WhiteFideId "30901057"]
[WhiteElo "2528"]
[BlackElo "2388"]
[Result "1-0"]
[Round "8"]
[TimeControl "180+2"]
[Date "2023.07.04"]
[WhiteClock "0:00:55"]
[BlackClock "0:00:57"]
[Board "89"]

1. d4 Nf6 2. c4 g6 3. Nc3 Bg7 4. e4 d6 5. Nf3 O-O 6. Be2 e5 7. O-O Nbd7 8. Qc2 c6 9. d5 c5 10. a3 b6 11. b4 Ng4 12. Bg5 f6 13. Bd2 f5 14. Ng5 Bf6 15. Ne6 Qe7 16. Nxf8 Nxf8 17. f3 Nxh2 18. Kxh2 f4 19. Be1 Bh4 20. Bxh4 Qxh4+ 21. Kg1 g5 22. Qd1 g4 23. fxg4 Ng6 24. Qe1 Qg5 25. bxc5 bxc5 26. Rb1 Kh8 27. Nb5 Bxg4 28. Bxg4 Qxg4 29. Nxd6 Nh4 30. Qf2 Rg8 31. Nf7+ Kg7 32. Nxe5 Qh5 33. Qxf4 1-0


[Site "https://www.chess.com"]

[Event "Titled Tuesday Blitz July 4 Late 2023"]
[White "Bochnicka, Vladimir"]
[Black "Kirillov, Dmitry"]
[WhiteFideId "14943450"]
[BlackFideId "34180572"]
[WhiteElo "2385"]
[BlackElo "2526"]
[Result "1-0"]
[Round "8"]
[TimeControl "180+2"]
[Date "2023.07.04"]
[WhiteClock "0:00:18"]
[BlackClock "0:00:04"]
[Board "90"]

1. e4 e5 2. Nf3 Nc6 3. Bc4 Nf6 4. d3 Bc5 5. c3 d6 6. Nbd2 a6 7. Bb3 Ba7 8. Nf1 h6 9. Ng3 g5 10. O-O Ne7 11. d4 Ng6 12. dxe5 Nxe5 13. Nxe5 dxe5 14. Qxd8+ Kxd8 15. Bxf7 Ke7 16. Bb3 Ng4 17. h3 Nxf2 18. Rxf2 Rf8 19. Nh1 g4 20. hxg4 Bxg4 21. Bxh6 Rh8 22. Bg5+ Kd6 23. Bd1 Be6 24. Ng3 Rhg8 25. Bh4 Raf8 26. Bf3 Rf4 27. Nf5+ Bxf5 28. Rd1+ Kc6 29. exf5+ e4 30. Bxe4+ Rxe4 31. Bf6 Bxf2+ 32. Kxf2 Rf4+ 33. Kg1 Rxf5 34. Bd4 Rd5 35. Re1 Kd7 36. Rf1 c5 37. Be3 Re5 38. Rf3 Rge8 39. Kf2 Kc6 40. g4 R8e6 41. g5 Rg6 42. Kg3 Rexg5+ 43. Bxg5 Rxg5+ 44. Kf2 Rd5 45. Ke2 Re5+ 46. Kd2 Rh5 47. Kc2 Rh2+ 48. Kb3 Kb5 49. a4+ Ka5 50. Rf5 b6 51. Ka3 Rh4 52. b4+ Rxb4 53. cxb4# 1-0


[Site "https://www.chess.com"]

[Event "Titled Tuesday Blitz July 4 Late 2023"]
[White "Prieto Aranguren, Alain"]
[Black "Petesch, Gabriel"]
[WhiteFideId "2268906"]
[BlackFideId "2032465"]
[WhiteElo "2384"]
[BlackElo "2525"]
[Result "0-1"]
[Round "8"]
[TimeControl "180+2"]
[Date "2023.07.04"]
[WhiteClock "0:01:24"]
[BlackClock "0:00:31"]
[Board "91"]

1. d4 Nf6 2. c4 d6 3. Nf3 g6 4. Nc3 Bg7 5. e4 O-O 6. Be2 e5 7. dxe5 dxe5 8. Qxd8 Rxd8 9. Bg5 c6 10. Nd2 Nbd7 11. Be3 Nf8 12. c5 Ne6 13. Nc4 Nd4 14. O-O-O Be6 15. Nd6 b6 16. Bc4 Rxd6 17. cxd6 Bxc4 18. Bxd4 exd4 19. Rxd4 Be6 20. e5 Nd7 21. f4 f6 22. Re1 fxe5 23. fxe5 Nxe5 24. Rde4 Nd3+ 25. Kd2 Nxe1 26. Rxe6 Nxg2 27. d7 Kf7 28. Re2 Nf4 29. Re4 g5 30. h4 h6 0-1


[Site "https://www.chess.com"]

[Event "Titled Tuesday Blitz July 4 Late 2023"]
[White "Cooklev, Steven"]
[Black "WindWhistler11"]
[WhiteFideId "2050552"]
[WhiteElo "2381"]
[BlackElo "2518"]
[Result "0-1"]
[Round "8"]
[TimeControl "180+2"]
[Date "2023.07.04"]
[WhiteClock "0:00:10"]
[BlackClock "0:00:33"]
[Board "92"]

1. e4 c5 2. Nf3 d6 3. d4 cxd4 4. Nxd4 Nf6 5. Nc3 a6 6. Be3 e5 7. Nf3 Be7 8. Bc4 Ng4 9. Bc1 Be6 10. Bxe6 fxe6 11. h3 Nf6 12. Ng5 Qd7 13. Qe2 Nc6 14. Be3 Nd4 15. Qd3 h6 16. Nf3 Nxf3+ 17. gxf3 O-O 18. O-O-O Nh5 19. Rhg1 Kh8 20. Rg4 Rxf3 21. Qe2 Raf8 22. Rdg1 b5 23. Qd2 R8f6 24. Rxg7 Nxg7 25. Bxh6 Bf8 26. Qg5 Qf7 27. Qh4 Kg8 28. Nd1 Rg6 29. Rg4 Be7 30. Qh5 Nxh5 0-1


[Site "https://www.chess.com"]

[Event "Titled Tuesday Blitz July 4 Late 2023"]
[White "ChawitAp"]
[Black "Hajiyev, Kanan"]
[BlackFideId "13404148"]
[WhiteElo "2375"]
[BlackElo "2510"]
[Result "0-1"]
[Round "8"]
[TimeControl "180+2"]
[Date "2023.07.04"]
[WhiteClock "0:00:00"]
[BlackClock "0:01:04"]
[Board "93"]

1. d4 Nf6 2. Nf3 e6 3. c3 c5 4. Bg5 Be7 5. Nbd2 O-O 6. e4 cxd4 7. cxd4 h6 8. Bxf6 Bxf6 9. e5 Be7 10. Bd3 d6 11. Qe2 Nc6 12. Qe4 g6 13. h4 dxe5 14. dxe5 Nb4 15. Bb1 Qd5 16. Qg4 Nd3+ 17. Bxd3 Qxd3 18. h5 g5 19. Rd1 Rd8 20. Qe4 Qb5 21. b3 Bd7 22. Nc4 Bb4+ 23. Ke2 Bc6 24. Qg4 Be7 25. Nd4 Qa6 26. Nxe6 Qxa2+ 27. Rd2 Rxd2+ 28. Nxd2 Bb5+ 29. Ke3 Rc8 30. Nxg5 Rc3+ 31. Ke4 Bd3+ 32. Ke3 Bf5+ 33. Kf4 Bxg4 0-1


[Site "https://www.chess.com"]

[Event "Titled Tuesday Blitz July 4 Late 2023"]
[White "Womacka, Mathias"]
[Black "micke12a"]
[WhiteFideId "4611390"]
[WhiteElo "2507"]
[BlackElo "2375"]
[Result "0-1"]
[Round "8"]
[TimeControl "180+2"]
[Date "2023.07.04"]
[WhiteClock "0:00:05"]
[BlackClock "0:01:15"]
[Board "94"]

1. e4 c5 2. Nf3 d6 3. d4 cxd4 4. Nxd4 Nf6 5. Nc3 g6 6. Be3 Bg7 7. f3 O-O 8. Qd2 Nc6 9. O-O-O Bd7 10. g4 Rc8 11. h4 Ne5 12. h5 Qa5 13. Nb3 Qc7 14. Be2 b5 15. Kb1 b4 16. Nd5 Nxd5 17. exd5 a5 18. Nd4 Nc4 19. Bxc4 Qxc4 20. hxg6 fxg6 21. Qh2 h6 22. Bxh6 Bxd4 23. Bxf8 Kxf8 24. Qf4+ Bf6 25. Rh8+ Kf7 26. Rh7+ Kg8 27. Qh2 Qxc2+ 28. Qxc2 Rxc2 29. Rxe7 Rxb2+ 30. Kc1 Ba4 31. Rde1 Rc2+ 32. Kb1 Bxe7 33. Rxe7 Rc5 34. Re6 Rxd5 35. Rxg6+ Kf7 36. Rh6 Rd3 37. Rh5 d5 38. Rh6 Bd7 39. Ra6 a4 40. Rb6 b3 41. axb3 Rxb3+ 42. Rxb3 axb3 43. Kb2 Ba4 44. Kc3 d4+ 45. Kb2 d3 46. f4 d2 0-1


[Site "https://www.chess.com"]

[Event "Titled Tuesday Blitz July 4 Late 2023"]
[White "lagarto93"]
[Black "Bazilius, Augustinas"]
[BlackFideId "12832251"]
[WhiteElo "2491"]
[BlackElo "2368"]
[Result "1-0"]
[Round "8"]
[TimeControl "180+2"]
[Date "2023.07.04"]
[WhiteClock "0:00:55"]
[BlackClock "0:00:11"]
[Board "95"]

1. d4 Nf6 2. c4 g6 3. Nc3 d5 4. Nf3 Bg7 5. Qb3 dxc4 6. Qxc4 a6 7. e4 b5 8. Qb3 Bb7 9. e5 Nd5 10. Be2 O-O 11. O-O c6 12. Ne4 Nd7 13. Bd2 Rc8 14. Rac1 Qb6 15. Nc5 Nxc5 16. Rxc5 a5 17. a4 b4 18. Rfc1 Rfd8 19. Ng5 h6 20. Ne4 Nc7 21. Be3 Ne6 22. Bc4 Nxc5 23. Bxf7+ Kh7 24. Nxc5 Qa7 25. Qc2 Rf8 26. Qxg6+ Kh8 27. Ne6 Rxf7 28. Qxf7 Rg8 29. Qxe7 Qb8 30. Nxg7 Rxg7 31. Qf6 c5 32. Bxh6 Qg8 33. Qxg7+ Qxg7 34. Bxg7+ Kxg7 35. Rxc5 Be4 36. Rxa5 Bc2 37. Rb5 Kf7 38. Rxb4 Ke6 39. a5 Kd5 40. a6 Be4 41. a7 Ke6 42. Rb6+ Kf5 43. Rb8 Kf4 44. a8=Q Bxa8 45. Rxa8 Ke4 46. Rd8 Kd3 47. e6 Ke4 48. e7 Kd3 49. e8=Q Kd2 50. d5 Kd3 51. d6 Kc2 52. d7 Kb1 53. Rc8 Ka2 54. b4 Ka3 55. b5 Ka4 56. b6 Ka5 57. b7 Ka6 58. b8=Q Ka5 59. Qee5+ Ka4 60. Qa1# 1-0


[Site "https://www.chess.com"]

[Event "Titled Tuesday Blitz July 4 Late 2023"]
[White "Kanyamarala, Trisha"]
[Black "Kovalevsky, Stanislav"]
[WhiteFideId "45004722"]
[BlackFideId "13508598"]
[WhiteElo "2367"]
[BlackElo "2485"]
[Result "1-0"]
[Round "8"]
[TimeControl "180+2"]
[Date "2023.07.04"]
[WhiteClock "0:01:41"]
[BlackClock "0:00:48"]
[Board "96"]

1. c4 c6 2. Nc3 d5 3. e3 Nf6 4. Nf3 Bg4 5. Be2 e6 6. O-O Nbd7 7. b3 Bd6 8. Bb2 O-O 9. d4 a6 10. h3 Bh5 11. Rc1 Re8 12. Re1 dxc4 13. bxc4 e5 14. Ng5 Bxe2 15. Nxe2 e4 16. h4 h6 17. Nh3 Ng4 18. g3 Qf6 19. Nef4 Qf5 20. d5 c5 21. Kg2 Nde5 22. Bxe5 Rxe5 23. Rb1 g5 24. Nh5 gxh4 25. Qxg4+ Qxg4 26. Nf6+ Kg7 27. Nxg4 Re7 28. Nf4 hxg3 29. fxg3 f5 30. Nf2 Kf6 31. Rh1 Rh8 32. Rb6 Rd7 33. Rh5 a5 34. g4 fxg4 35. Nxe4+ Ke7 36. Ng6+ 1-0


[Site "https://www.chess.com"]

[Event "Titled Tuesday Blitz July 4 Late 2023"]
[White "Zhou, Qiyu"]
[Black "Liu, Casper"]
[WhiteFideId "505161"]
[BlackFideId "1454153"]
[WhiteElo "2354"]
[BlackElo "2480"]
[Result "0-1"]
[Round "8"]
[TimeControl "180+2"]
[Date "2023.07.04"]
[WhiteClock "0:00:57"]
[BlackClock "0:00:38"]
[Board "97"]

1. e4 a6 2. d4 g6 3. Nc3 Bg7 4. Be3 d6 5. f3 Nd7 6. Qd2 b5 7. O-O-O Bb7 8. g4 c5 9. dxc5 Nxc5 10. Bd4 Nf6 11. Bg2 O-O 12. h4 Qa5 13. Kb1 Rfc8 14. h5 Ne6 15. Be3 Nd7 16. Nd5 Qxd2 17. Rxd2 Bxd5 18. exd5 Nec5 19. Ne2 Nb6 20. Bd4 Nc4 21. Rdd1 Bxd4 22. Rxd4 Na4 23. hxg6 hxg6 24. g5 Kg7 25. Rdh4 Rh8 26. Rxh8 Rxh8 27. Rxh8 Kxh8 28. b3 Ne3 29. Bh3 Nb6 30. Nf4 Nbxd5 31. Nxd5 Nxd5 32. Kb2 b4 33. a3 a5 34. axb4 axb4 35. c4 bxc3+ 36. Kc2 Kg7 37. Kd3 f5 38. gxf6+ Kxf6 39. Bc8 g5 40. Bb7 Ke5 41. Bxd5 Kxd5 42. Kxc3 Kc5 43. b4+ Kb5 44. Kb3 d5 45. Kc3 e5 46. Kb3 e4 47. fxe4 dxe4 48. Kc3 g4 49. Kd4 g3 50. Ke3 Kxb4 51. Kxe4 g2 0-1


[Site "https://www.chess.com"]

[Event "Titled Tuesday Blitz July 4 Late 2023"]
[White "Eggleston, Thomas A"]
[Black "Erzhanov, Arman"]
[WhiteFideId "412139"]
[BlackFideId "4138821"]
[WhiteElo "2350"]
[BlackElo "2479"]
[Result "1-0"]
[Round "8"]
[TimeControl "180+2"]
[Date "2023.07.04"]
[WhiteClock "0:00:30"]
[BlackClock "0:00:21"]
[Board "98"]

1. e4 c5 2. Nf3 Nc6 3. Bb5 d6 4. Bxc6+ bxc6 5. Qe2 e5 6. O-O Be7 7. c3 Nf6 8. d4 cxd4 9. cxd4 exd4 10. Nxd4 Bd7 11. b3 O-O 12. Bb2 Re8 13. Nd2 Bf8 14. Qd3 Qa5 15. Rfe1 c5 16. N4f3 Bb5 17. Nc4 Bxc4 18. Qxc4 Ng4 19. Ng5 Re7 20. h3 Ne5 21. Bxe5 dxe5 22. Red1 h6 23. Nxf7 Rxf7 24. Rd7 Be7 25. Rxe7 Rf8 26. Rd1 Qb6 27. Rdd7 Qf6 28. f3 h5 29. Rxf7 Rxf7 30. Qd5 g6 31. Kf2 Kg7 32. Qxf7+ Qxf7 33. Rxf7+ Kxf7 34. Ke3 g5 35. Kd3 Ke6 36. Kc4 Kd6 37. Kb5 h4 38. Ka6 Kc6 39. Kxa7 Kb5 40. Kb7 Kb4 41. Kc6 c4 42. bxc4 Kxc4 43. a4 Kb4 44. Kd5 Kxa4 45. Kxe5 Kb4 46. Kf5 Kc4 47. Kxg5 Kd4 48. Kxh4 Ke5 49. Kg5 Kd4 50. h4 Ke3 51. h5 Kf2 52. h6 Kxg2 53. h7 Kxf3 54. e5 Ke4 55. e6 Kd5 56. e7 Ke6 57. e8=Q+ Kd6 58. h8=Q Kc5 59. Qc3+ Kb6 60. Qec6+ Ka7 61. Qa5+ Kb8 62. Qac7# 1-0


[Site "https://www.chess.com"]